 Dungeon Crawl Stone Soup version 0.28.0-45-g0d030f2227 (webtiles) character file.

Game seed: 9684360494854590146

81 Diomare the Poker (level 4, -2/34 HPs)
             Began as a Merfolk Gladiator on Apr 15, 2022.
             Slain by a gnoll
             ... wielding a +0 flail
              (11 damage)
             ... on level 2 of the Dungeon.
             The game lasted 00:10:43 (1906 turns).

Diomare the Poker (Merfolk Gladiator)               Turns: 1906, Time: 00:10:44

Health: -2/34      AC:  7    Str: 16    XL:     4   Next: 40%
Magic:  4/4        EV: 11    Int:  7    God:
Gold:   87         SH:  0    Dex: 17    Spells: 3/3 levels left

rFire   . . .      SeeInvis .   a - +0 trident
rCold   . . .      Faith    .   (no shield)
rNeg    . . .      Spirit   .   b - +0 scale mail
rPois   .          Reflect  .   c - +0 helmet
rElec   .          Harm     .   (no cloak)
rCorr   .          Rampage  .   (no gloves)
Will    .....                   (no boots)
Stlth   +.........              (no amulet)
HPRegen 0.11/turn               (no ring)
MPRegen 0.09/turn               (no ring)

@: no status effects
A: (nimble swimmer 2), mertail, agile 1, MP-powered wands
a: no special abilities


You were on level 2 of the Dungeon.
You visited 1 branch of the dungeon, and saw 3 of its levels.

You collected 87 gold pieces.

Inventory:

Hand Weapons
 a - a +0 trident (weapon)
 h - a +0 falchion
Missiles
 d - 3 throwing nets (quivered)
 g - 2 poisoned darts
Armour
 b - a +0 scale mail (worn)
 c - a +0 helmet (worn)
Scrolls
 e - a scroll of fog {unknown}
 i - a scroll of teleportation {unknown}
 j - 3 scrolls of identify {unknown}


   Skills:
 + Level 2.5 Fighting
 * Level 0.8 Long Blades
 + Level 5.7 Polearms
 - Level 2.1 Throwing
 + Level 4.6 Dodging
 * Level 1.9 Stealth


You had 3 spell levels left.
You didn't know any spells.
Your spell library was empty.

Dungeon Overview and Level Annotations

Branches:
Dungeon (3/15)

Altars:

Shops:
D:1 (

Annotations:
D:3 Robin


Innate Abilities, Weirdness & Mutations

((You are very nimble when in or above water. (Stealth+, EV+, Speed+++)))
Your lower body shifts to a powerful aquatic tail in water.
You are agile. (Dex +2)
You expend magic power (3 MP) to strengthen your wands.


Message History

You puncture the gnoll!
You kill the gnoll!
Things that are here:
a +0 spear; a gnoll corpse A gnoll comes into view.
It is wielding a +0 flail.
The gnoll shouts!
There are monsters nearby!
Things that are here:
a +0 spear; a gnoll corpse
There is a stone staircase leading up here.
You can't go down here!
You climb upwards.
There is a stone staircase leading down, spattered with blood here.
You start resting.
HP restored.
You can't go up here!
You climb downwards.
The gnoll hits you with a +0 flail. The gnoll barely misses you. x2
There is a stone staircase leading up here.
You hit the gnoll.
The gnoll is heavily wounded.
The gnoll hits you but does no damage. The gnoll hits you with a +0 flail.
You puncture the gnoll!
The gnoll is almost dead.
The gnoll hits you with a +4 whip. The gnoll hits you with a +0 flail.
You barely miss the gnoll.
The gnoll is almost dead.
The gnoll closely misses you. The gnoll hits you with a +0 flail.
You hit the gnoll but do no damage.
The gnoll is almost dead.
The gnoll hits you with a +4 whip. The gnoll hits you with a +0 flail!
* * * LOW HITPOINT WARNING * * *
You can't go down here!
It was a potion of mutation.
You feel extremely strange.
You feel agile.
You feel your magical essence link to the dungeon's wands.
The gnoll completely misses you. The gnoll hits you with a +0 flail.
* * * LOW HITPOINT WARNING * * *
The gnoll misses you. The gnoll hits you with a +0 flail!
You die...

####...############.# #######.###
# ##.....# #.# #.# # #####.# #.#
#.# # #.# ##.## #.# #.#
#...########.### #### #.#
#...#........... ...### #.#
#...#.#####...## .....#
#.########...#...........
####.####.......@g...............
#...........g..........#..#.#.
#.......>##...........##..#...
#..#....[##.##.).............#
####..#.#......##.....#.....#.#..
............#####.....#######.###
...####.....# ##.....## #.###
.#......##### #.......# #.##.
...###### ####..#.##.# #.##.


You could see 2 gnolls.

Vanquished Creatures
  3 gnolls
  An adder (D:2)
  A dart slug (D:1)
  3 endoplasms
  2 giant cockroaches (D:1)
  3 goblins (D:3)
  2 hobgoblins (D:2)
  7 jackals (D:2)
  4 quokkas (D:1)
  3 ball pythons
  4 bats (D:1)
  3 frilled lizards
  2 kobolds (D:2)
  2 rats (D:2)
40 creatures vanquished.

Notes
Turn   | Place    | Note
-------+----------+-------------------------------------------
     0 | D:1      | Diomare the Merfolk Gladiator began the quest for the Orb.
     0 | D:1      | Reached XP level 1. HP: 16/16 MP: 1/1
   101 | D:1      | Reached XP level 2. HP: 22/22 MP: 2/2
   321 | D:1      | Reached skill level 5 in Polearms
   321 | D:1      | Reached XP level 3. HP: 21/28 MP: 3/3
   419 | D:1      | Found Qiuzoun's Antique Weapon Shoppe.
  1118 | D:2      | Reached skill level 1 in Stealth
  1592 | D:3      | Reached XP level 4. HP: 34/34 MP: 4/4
  1593 | D:3      | Noticed Robin
  1905 | D:2      | Gained mutation: You are agile. (Dex +2) [potion of
                  | mutation]
  1905 | D:2      | Gained mutation: You expend magic power (3 MP) to
                  | strengthen your wands. [potion of mutation]
  1906 | D:2      | Slain by a gnoll

Illustrated notes

Levels and vault maps discovered:
D:1:      lemuel_arrival_rhombus, layout_basic, serial_shops, shop
D:2:      layout_loops_cross, uniq_crazy_yiuf_cottage
D:3:      layout_rooms, uniq_robin

Skill      XL: |  1  2  3 |
---------------+----------+-----
Polearms       | 5 |  5.7
Stealth        | 1 |  1.9
Fighting       | |  2.5
Long Blades    | |  0.8
Throwing       | |  2.1
Dodging        | |  4.6

Action                   |  1- 3 |  4- 6 || total
-------------------------+-------+-------++-------
Melee: Trident           |   115 |    32 ||   147
       Punch             |       |     1 ||     1
  Use: Potion            |       |     1 ||     1
 Stab: Sleeping          |     4 |       ||     4
Armor: Leather armour    |    34 |       ||    34
       Scale mail        |     4 |     5 ||     9
       Ring mail         |     2 |       ||     2
Dodge: Dodged            |    77 |    23 ||   100
